Map: 16-Bit LE

Players

Avoš

  • Race: Protoss Protoss
  • Spawn Location: 7:00

Vanyali - Winner!

  • Race: Terran Terran
  • League: Bronze
  • Spawn Location: 1:00

VOD

Have the link to the VOD?

Description

Time

  • Played on: July 25, 2018, 4:02 p.m.
  • Length: 8:42
Show
View Real Time Build Order
Export as new Build Order

Avoš Protoss 

Build Orders:  

Get SALT Encoding   

  12  0:01  Probe  
  13  0:13  Probe  
  14  0:19  Pylon  
  14  0:25  Probe  
  15  0:38  Probe  
  15  0:40  Gateway  
  16  0:50  Probe  
  16  0:53  Assimilator  
  17  1:02  Probe  
  18  1:14  Probe  
  19  1:24  Assimilator  
  19  1:26  Probe  
  19  1:28  Cybernetics Core  
  20  1:38  Probe  
  21  1:55  Probe  
  21  1:57  Nexus  
  22  2:03  Warp Gate  
  22  2:06  Pylon  
  22  2:07  Probe  
  23  2:24  Probe  
  24  2:34  Forge  
  24  2:37  Twilight Council  
  24  2:45  Pylon  
  24  2:47  Probe  
  25  3:04  Protoss Ground Weapons Level 1  
  25  3:21  Probe x2  
  25  3:26  Charge  
  27  3:33  Probe x2  
  29  3:39  Photon Cannon  
  29  3:45  Photon Cannon, Probe x2  
  31  3:48  Photon Cannon  
  31  3:59  Assimilator  
  31  4:08  Gateway, Probe x2  
  31  4:09  Gateway  
  33  4:30  Shield Battery  
  33  4:39  Probe x2, Assimilator  
  35  4:49  Pylon  
  35  4:51  Probe x2  
  37  5:03  Protoss Ground Armor Level 1  
  37  5:08  Probe x2  
  39  5:20  Probe x2  
  41  5:23  Gateway  
  41  5:25  Gateway, Blink  
  41  5:27  Gateway, Protoss Air Weapons Level 1  
  41  5:43  Templar Archives  
  41  5:47  Probe  
  41  5:48  Stargate, Probe  
  43  6:00  Probe x2  
  45  6:11  Nexus  
  45  6:13  Pylon  
  45  6:20  Zealot  
  45  6:21  Zealot x2  
  45  6:22  Zealot x2  
  55  6:33  Psionic Storm  
  55  6:36  Probe x2  
  57  6:48  Probe x2  
  57  6:53  Assimilator  
  59  6:55  Assimilator  
  59  7:09  Stalker x4  
  59  7:12  Stalker  
  70  7:30  Pylon, Probe x3  
  70  7:32  Pylon  
  72  7:39  Void Ray  
  72  7:42  Probe x3  
  79  7:51  Photon Cannon  
  79  7:54  Photon Cannon, Probe  
  80  7:59  Photon Cannon  
  80  8:02  Shield Battery  
  80  8:05  Zealot x6  
  60  8:26  Zealot x2  
  60  8:27  Zealot x4  
Show
View Real Time Build Order
Export as new Build Order

Vanyali Terran - Winner!

Build Orders: MMM Bio 

Get SALT Encoding   

  12  0:01  SCV  
  13  0:13  SCV  
  14  0:18  Supply Depot  
  14  0:25  SCV  
  15  0:39  SCV  
  15  0:41  Barracks  
  16  0:46  Refinery  
  16  0:51  SCV  
  17  1:04  SCV  
  18  1:16  SCV  
  19  1:31  Orbital Command  
  19  1:32  Marine  
  20  1:50  Command Center  
  20  1:53  Barracks Tech Lab  
  20  1:59  SCV  
  21  2:05  Supply Depot  
  21  2:13  Marauder  
  21  2:14  Concussive Shells  
  23  2:25  Barracks  
  23  2:33  SCV  
  23  2:35  Marauder  
  26  2:41  Barracks  
  26  2:46  SCV  
  27  2:56  Marine  
  27  2:57  Stimpack  
  28  3:03  SCV  
  28  3:04  Orbital Command  
  29  3:13  Barracks Reactor  
  29  3:17  Engineering Bay  
  29  3:19  SCV  
  30  3:21  Marine  
  31  3:29  SCV  
  31  3:31  SCV  
  31  3:32  Barracks Reactor  
  33  3:35  Refinery  
  33  3:42  Supply Depot  
  33  3:44  SCV x2  
  33  3:45  Marine  
  36  3:49  Terran Infantry Weapons Level 1  
  36  3:57  Marine x2  
  36  4:02  Missile Turret  
  38  4:04  Missile Turret  
  38  4:06  SCV x2  
  40  4:14  Factory  
  40  4:17  Marine x2  
  40  4:18  Marine  
  40  4:20  Marine  
  40  4:23  Marine  
  45  4:25  SCV  
  45  4:27  SCV  
  47  4:32  Supply Depot  
  47  4:37  SCV  
  48  4:39  SCV  
  49  4:46  Marine x3  
  49  4:47  Marine  
  49  4:48  Marine  
  54  4:56  SCV x2, Supply Depot  
  56  5:02  Supply Depot  
  56  5:08  Marine x4  
  56  5:09  Marine  
  56  5:13  SCV  
  62  5:18  SCV  
  62  5:19  Starport  
  62  5:20  Factory Reactor  
  63  5:30  SCV x2  
  63  5:31  Marine x4  
  63  5:32  Marine  
  70  5:38  Refinery  
  70  5:41  Combat Shields  
  70  5:44  Terran Infantry Armor Level 1  
  70  5:48  Supply Depot  
  70  5:49  Supply Depot  
  70  5:54  Marine x5  
  75  6:03  SCV x2  
  77  6:07  Refinery  
  77  6:09  Medivac x2  
  81  6:12  Supply Depot  
  81  6:14  Supply Depot  
  81  6:23  Marine x4  
  81  6:24  Marauder  
  87  6:33  SCV  
  87  6:34  SCV  
  87  6:39  Medivac x2  
  93  6:44  Marine x4  
  93  6:45  Marauder  
  93  6:46  SCV x2  
  101  6:55  Supply Depot  
  101  6:56  Supply Depot  
  101  6:59  Missile Turret  
  101  7:01  Missile Turret  
  101  7:03  Missile Turret  
  101  7:19  SCV  
  101  7:20  Command Center  
  102  7:23  SCV  
  103  7:30  Sensor Tower  
  103  7:36  SCV x2  
  105  7:42  Sensor Tower  
  105  7:45  Armory, Engineering Bay  
  105  7:53  SCV x2  
  106  8:06  Marine x4  
  106  8:07  Marauder  
  106  8:08  Medivac x2  
  106  8:10  SCV  
  106  8:12  SCV  
  116  8:25  SCV x2  
  116  8:26  Missile Turret  
  118  8:29  Missile Turret  
Tags
 
Composition
MMM Bio
League
Bronze
Matchup
PvT
Spawn Locations
Cross Positions
Add a new tag
Caveats
  • Supply blocks, unpowered buildings, or Contaminate may cause inaccurate times.
  • Supply counts are checked every 10 seconds.